 Dungeon Crawl Stone Soup version 0.27.0-66-gdc8fb28755 (webtiles) character file.

Game seed: 8890202178149482508

119 horus123 the Digger (level 5, -10/35 HPs)
             Began as a Formicid Earth Elementalist on Aug 20, 2021.
             Killed from afar by Grinder (18 damage)
             ... with a puff of flame
             ... on level 3 of the Dungeon.
             The game lasted 00:10:35 (3201 turns).

horus123 the Digger (Formicid Earth Elementalist)   Turns: 3201, Time: 00:10:36

Health: -10/35     AC:  8    Str: 12    XL:     5   Next: 24%
Magic:  1/9        EV: 12    Int: 16    God:
Gold:   126        SH:  0    Dex: 11    Spells: 4/10 levels left

rFire    x . .     SeeInvis +   a - staff of earth
rCold    + . .     Faith    .   (no shield)
rNeg     . . .     Spirit   .   b - +0 robe
rPois    .         Reflect  .   (helmet unavailable)
rElec    .         Harm     .   i - +2 cloak
rCorr    .         Rampage  .   (no gloves)
Will     .....                  c - +2 pair of boots
Stlth    ++........             (no amulet)
HPRegen  0.11/turn              d - ring of ice
MPRegen  0.11/turn              (no ring)

@: no status effects
A: permanent stasis, dig shafts and tunnels, antennae 3, four strong arms
a: Dig, Shaft Self


You were on level 3 of the Dungeon.
You visited 1 branch of the dungeon, and saw 3 of its levels.

You collected 126 gold pieces.

Inventory:

Armour
 b - a +0 robe (worn)
 c - a +2 pair of boots (worn)
 i - a +2 cloak (worn)
Magical Staves
 a - a staff of earth (weapon)
 h - a staff of poison
Jewellery
 d - a ring of ice (left hand)
 k - an amulet of regeneration
Scrolls
 j - 2 scrolls of identify {unknown}
 l - a scroll of enchant armour {unknown}
Potions
 e - a potion of lignification {unknown}
 f - a potion of magic {unknown}
 g - a potion of curing {unknown}


   Skills:
 + Level 0.1 Fighting
 + Level 1.9 Dodging
 + Level 2.5 Stealth
 + Level 3.0 Spellcasting
 * Level 0.5 Conjurations
 * Level 2.8 Transmutations
 + Level 5.0 Earth Magic


You had 4 spell levels left.
You knew the following spells:

 Your Spells              Type           Power      Damage    Failure   Level
a - Sandblast             Erth           54%        2d13      2%          1
b - Passwall              Tmut/Erth      18%        N/A       5%          2
c - Stone Arrow           Conj/Erth      32%        3d9       19%         3

Your spell library contained the following spells:

 Spells                   Type           Power      Damage    Failure   Level
 Petrify                  Tmut/Erth      22%        N/A       36%         4
 Freezing Cloud           Conj/Ice/Air   2%         6-21      99%         5
 Simulacrum               Ice/Necr       1%         N/A       100%        6
 Polar Vortex             Ice            1%         N/A       100%        9


Dungeon Overview and Level Annotations

Branches:
Dungeon (3/15)

Altars:
Dithmenos

Annotations:
D:3 Grinder


Innate Abilities, Weirdness & Mutations

You cannot be hasted, slowed, berserked, paralysed or teleported.
You can dig through walls and to a lower floor.
You have a pair of large antennae on your head. (SInv)
Your four strong arms can wield two-handed weapons with a shield.


Message History

Grinder completely misses you.
You closely miss Grinder.
Grinder is almost dead.
The adder bites you but does no damage. Grinder hits you.
You writhe in agony.
The adder barely misses you.
You closely miss Grinder.
Grinder is almost dead.
The adder bites you.
You are poisoned.
The adder poisons you! Grinder closely misses you.
You closely miss Grinder.
Grinder is almost dead.
You feel sick. The adder bites you. Grinder gestures at you.
Your stasis prevents you from being paralysed.
The adder bites you but does no damage.
You hit Grinder.
Grinder is almost dead.
You feel sick.
Grinder zaps a wand.
The puff of flame hits you! The fire burns you terribly! The adder bites you.
You hit Grinder but do no damage.
Grinder is almost dead.
You feel sick.
You are no longer poisoned.
The adder closely misses you. Grinder hits you but does no damage.
The adder bites you but does no damage. Grinder hits you but does no damage.
You closely miss Grinder.
Grinder is almost dead.
The adder bites you but does no damage. Grinder closely misses you.
You hit Grinder but do no damage.
Grinder is almost dead.
The adder bites you.
* * * LOW HITPOINT WARNING * * *
Grinder hits you but does no damage. The adder bites you but does no damage.
You hit Grinder but do no damage.
You shatter Grinder.
Grinder is almost dead.
The adder barely misses you.
Grinder zaps a wand.
The puff of flame hits you!! The fire burns you terribly!
Ouch! That really hurt!
You die...

##+### ####....
#....... #......
### #....>. ..
#)....# #.##
#..!.5#####.# ..#
#....@S.....#
####.#
#####.#######
#....# #.####
#..... #....#
###...#.
####.######.....#.
#.....##.....#.
#............##
#..#.........##
#..#...###...##


You could see Grinder and an adder.

Vanquished Creatures
  A centaur skeleton (D:2)
  2 adders
  2 dart slugs
  An orc (D:3)
  7 endoplasms
  3 giant cockroaches
  9 goblins
  3 hobgoblins
  5 jackals
  8 kobolds
  4 quokkas
  5 ball pythons
  6 bats
  A frilled lizard (D:1)
  3 rats
  A spectral goblin (D:3)
61 creatures vanquished.

Notes
Turn   | Place    | Note
-------+----------+-------------------------------------------
     0 | D:1      | horus123 the Formicid Earth Elementalist began the quest
                  | for the Orb.
     0 | D:1      | Reached XP level 1. HP: 13/13 MP: 3/3
   102 | D:1      | Reached skill level 4 in Earth Magic
   146 | D:1      | Reached XP level 2. HP: 19/19 MP: 3/5
   184 | D:1      | Learned a level 2 spell: Passwall
   683 | D:1      | Reached XP level 3. HP: 24/24 MP: 4/6
   766 | D:1      | Learned a level 3 spell: Stone Arrow
  1812 | D:2      | Reached XP level 4. HP: 30/30 MP: 4/8
  2173 | D:2      | Found a shadowy altar of Dithmenos.
  2588 | D:3      | Reached XP level 5. HP: 35/35 MP: 5/9
  2910 | D:3      | Found a faded altar of an unknown god.
  3115 | D:3      | Reached skill level 5 in Earth Magic
  3187 | D:3      | Noticed Grinder
  3201 | D:3      | Killed from afar by Grinder

Illustrated notes

Levels and vault maps discovered:
D:1:      evilmike_arrival_fibonacci_small, layout_basic, serial_glass,
          glass_columns_c, glass_columns_a, grunt_decor_resistance
D:2:      layout_rooms, basic_altar
D:3:      layout_basic, dreamdust_ecumenical_altar_drowned_temple, uniq_grinder,
          uniq_sigmund

Skill      XL: |  1  2  3  4  5 |
---------------+----------------+-----
Earth Magic    | 4 5 |  5.0
Transmutations | 2 |  2.8
Spellcasting   | 3 |  3.0
Fighting       | |  0.1
Dodging        | |  1.9
Stealth        | |  2.5
Conjurations   | |  0.5

Action                   |  1- 3 |  4- 6 || total
-------------------------+-------+-------++-------
Melee: Staff             |     7 |    61 ||    68
 Cast: Sandblast         |    35 |     6 ||    41
       Stone Arrow       |     8 |    22 ||    30
 Abil: Dig               |     1 |       ||     1
  Use: Scroll            |     1 |       ||     1
Armor: Robe              |     8 |    46 ||    54
Dodge: Dodged            |    15 |    65 ||    80
